 Dungeon Crawl Stone Soup version 0.28.0 (webtiles) character file.

Game seed: 17022543523236167237

216 zeram the Sneak (level 5, -4/31 HPs)
             Began as an Octopode Enchanter on Feb 17, 2022.
             Was a Follower of Yredelemnul.
             Slain by a black bear (7 damage)
             ... on level 4 of the Dungeon.
             The game lasted 00:05:00 (3325 turns).

zeram the Sneak (Octopode Enchanter)                Turns: 3325, Time: 00:05:01

Health: -4/31      AC:  1    Str:  7    XL:     5   Next: 93%
Magic:  8/8        EV: 13    Int: 25    God:    Yredelemnul [*.....]
Gold:   107        SH:  0    Dex: 13    Spells: 1/8 levels left

rFire   . . .      SeeInvis .   a - +1 dagger
rCold   . . .      Faith    .   (no shield)
rNeg    . . .      Spirit   .   (helmet restricted)
rPois   .          Reflect  .   (no amulet)
rElec   .          Harm     .   g - +6 ring of intelligence
rCorr   .          Rampage  .   (no ring)
Will    .....                   (no ring)
Stlth   ++++......              (no ring)
HPRegen 0.10/turn               (no ring)
MPRegen 0.11/turn               (no ring)
                                (no ring)
                                (no ring)

@: invisible
A: almost no armour, amphibious, 8 rings, camouflage 1, gelatinous body 1,
(nimble swimmer 1), tentacles
a: Renounce Religion, Recall Undead Harvest


You were on level 4 of the Dungeon.
You worshipped Yredelemnul.
Yredelemnul was noncommittal.
You visited 1 branch of the dungeon, and saw 4 of its levels.

You collected 107 gold pieces.

Inventory:

Hand Weapons
 a - a +1 dagger (weapon)
Jewellery
 g - a +6 ring of intelligence (left tentacle)
Wands
 j - a wand of polymorph (13)
Potions
 c - a potion of attraction
 d - a potion of curing
 e - a potion of mutation
 f - a potion of cancellation {unknown}
 h - a potion of brilliance {unknown}
 k - a potion of heal wounds {unknown}


   Skills:
 + Level 3.0 Short Blades
 + Level 2.5 Dodging
 - Level 6.4 Stealth
 - Level 2.1 Spellcasting
 - Level 3.8 Hexes
 * Level 0.6 Summonings


You had one spell level left.
You knew the following spells:

 Your Spells              Type           Power      Damage    Failure   Level
a - Ensorcelled Hibernat  Hex/Ice        24%        N/A       8%          2
b - Tukima's Dance        Hex            21%        N/A       7%          3
c - Call Imp              Summ           5%         N/A       13%         2

Your spell library contained the following spells:

 Spells                   Type           Power      Damage    Failure   Level
 Magic Dart               Conj           8%         1d3       11%         1
 Confusing Touch          Hex            21%        N/A       7%          3
 Dazzling Flash           Conj/Hex       24%        N/A       16%         3
 Mephitic Cloud           Conj/Pois/Air  2%         N/A       32%         3
 Blade Hands              Tmut           1%         N/A       97%         5
 Irradiate                Conj/Tmut      1%         3d13      97%         5
 Dragon Form              Tmut           1%         N/A       100%        7


Dungeon Overview and Level Annotations

Branches:
Dungeon (4/15)
 Temple: D:4-7

Altars:
Ashenzari
Elyvilon
Gozag
Hepliaklqana
Qazlal
Uskayaw
Vehumet
Wu Jian
Xom
Yredelemnul
The Shining One

Shops:
D:2 (


Innate Abilities, Weirdness & Mutations

You cannot wear most types of armour.
You are amphibious.
You can wear up to eight rings at the same time.
Your skin changes colour to match your surroundings (Stealth+).
Your rubbery body absorbs attacks. (AC +1, EV +1)
((You are camouflaged when in or above water. (Stealth+)))
You have tentacles for arms and can constrict up to eight enemies at once.


Message History

The black bear bites you. The black bear claws you. x2
You hit the black bear.
The black bear is lightly wounded.
You constrict the black bear, but do no damage.
The black bear bites you! The black bear claws you.
* * * LOW HITPOINT WARNING * * *
The black bear claws you.
* * * LOW HITPOINT WARNING * * *
You swap places.
You release your grip on the black bear.
Your quokka zombie bites the black bear.
The black bear bites your quokka zombie!
Your quokka zombie is destroyed!
Your goblin zombie hits the black bear but does no damage.
Your gnoll zombie barely misses the black bear.
You see here 7 gold pieces.
Your goblin zombie hits the black bear but does no damage.
The black bear bites your gnoll zombie!
The black bear claws your gnoll zombie. x2
Your gnoll zombie is destroyed!
Your goblin zombie hits the black bear.
What are your orders? t - Shout!
Orders for allies: a - Attack new target. r - Retreat! s - Stop attacking. g - Guard the area. f - Follow me.
Anything else - Cancel.
Gang up on whom?
Press: ? - help, Dir - move target, f - black bear
Aim: a black bear (lightly wounded, ally target) Attack!
Your gnoll zombie hits the black bear.
Your goblin zombie barely misses the black bear.
Unknown command.
Your goblin zombie hits the black bear.
You see here a +0 whip.
As you read the scroll of identify, it crumbles to dust.
c - a potion of attraction You fade into invisibility!
The black bear bites you!
You die...
Your body rises from the dead as a mindless zombie.

#.....# #.....#
#.....# ####+
#.....#
#.....#.$...#
#.....#.....#
#.....#.....#
#...##.....#
######...##@....#
..........h).)..#
........Z.......#
........ZZZ.......#
...............#.##
.........##....#.+
....##...#####+# #
##+ #...# .....


You could see a black bear (ally target), 2 friendly goblin zombies, a friendly
gnoll zombie and a friendly dart slug zombie.

Vanquished Creatures
  Jessica (D:2)
  Ijyb (D:3)
  3 gnolls
  3 adders (D:2)
  2 adder zombies (D:3)
  An adder skeleton (D:3)
  4 worms
  2 dart slugs
  An orc (D:3)
  5 bats
  8 endoplasms
  3 giant cockroaches (D:1)
  7 hobgoblins
  2 jackals (D:2)
  3 quokkas
  4 ball pythons
  A ball python skeleton (D:4)
  A ball python zombie (D:3)
  5 frilled lizards
  11 goblins
  3 kobolds
  5 rats
76 creatures vanquished.

Vanquished Creatures (collateral kills)
  A gnoll (D:4)
1 creature vanquished.

Vanquished Creatures (others)
  A gnoll zombie (D:4)
  A quokka zombie (D:4)
2 creatures vanquished.

Grand Total: 79 creatures vanquished

Notes
Turn   | Place    | Note
-------+----------+-------------------------------------------
     0 | D:1      | zeram the Octopode Enchanter began the quest for the Orb.
     0 | D:1      | Reached XP level 1. HP: 11/11 MP: 3/3
   133 | D:1      | Reached XP level 2. HP: 17/17 MP: 5/5
   443 | D:1      | Reached XP level 3. HP: 20/21 MP: 6/6
   491 | D:1      | Reached skill level 5 in Stealth
  1075 | D:2      | Noticed Jessica
  1080 | D:2      | Killed Jessica
  1081 | D:2      | Reached XP level 4. HP: 27/27 MP: 7/7
  1476 | D:2      | Found Lutomuhoiz's Weapon Emporium.
  1580 | D:2      | Learned a level 2 spell: Ensorcelled Hibernation
  1584 | D:2      | Learned a level 3 spell: Tukima's Dance
  1587 | D:2      | Learned a level 2 spell: Call Imp
  1655 | D:2      | Reached skill level 6 in Stealth
  1773 | D:2      | Reached XP level 5. HP: 31/31 MP: 8/8
  1937 | D:3      | Found a glowing golden altar of the Shining One.
  2000 | D:3      | Noticed an angel
  2255 | D:3      | Found a basalt altar of Yredelemnul.
  2257 | D:3      | Noticed a profane servitor
  2265 | D:3      | Became a worshipper of Yredelemnul the Dark
  2785 | D:3      | Noticed Ijyb
  2789 | D:3      | Killed Ijyb
  2940 | D:3      | Found a faded altar of an unknown god.
  3063 | D:3      | Found an ornate altar of the Wu Jian Council.
  3063 | D:3      | Found an opulent altar of Gozag.
  3063 | D:3      | Found a broken altar of Ashenzari.
  3063 | D:3      | Found a hazy altar of Hepliaklqana.
  3064 | D:3      | Found a hide-covered altar of Uskayaw.
  3064 | D:3      | Found a white marble altar of Elyvilon.
  3066 | D:3      | Found a stormy altar of Qazlal.
  3066 | D:3      | Found a radiant altar of Vehumet.
  3066 | D:3      | Found a shimmering altar of Xom.
  3302 | D:4      | Noticed a black bear
  3304 | D:4      | Reached * piety under Yredelemnul
  3325 | D:4      | Slain by a black bear

Illustrated notes

Levels and vault maps discovered:
D:1:      dpeg_arrival_prison, layout_loops_ring, serial_bayou_pond_c,
          minivault_27
D:2:      layout_loops_ring, serial_shops, nicolae_shop_statue_plus,
          uniq_jessica
D:3:      layout_loops_ring, grunt_temple_overflow_holy_war,
          nicolae_overflows_in_rows, serial_undead, serial_undead_f,
          serial_undead_f, serial_undead_a, serial_undead_d,
          ebering_ecumenical_altar_abandoned, uniq_ijyb
D:4:      layout_gridville, grunt_ministairs_14

Skill      XL: |  1  2  3  4  5 |
---------------+----------------+-----
Stealth        | 5 6 |  6.4
Short Blades   | 3 |  3.0
Dodging        | |  2.5
Spellcasting   | |  2.1
Hexes          | |  3.8
Summonings     | |  0.6

Action                   |  1- 3 |  4- 6 || total
-------------------------+-------+-------++-------
Melee: Dagger            |    55 |   101 ||   156
       Constrict         |     9 |    23 ||    32
       Tentacles         |     5 |    28 ||    33
  Use: Scroll            |     1 |     4 ||     5
       Potion            |       |     1 ||     1
 Stab: Sleeping          |    18 |    16 ||    34
       Distracted        |       |     1 ||     1
Armor: Skin              |     3 |     5 ||     8
Dodge: Dodged            |    30 |    54 ||    84
